AoeStats
← ITA | MarknighT

Arabian Desert

509384088Analyzed
1v1 RM · 6d ago on Sep 26, 2026· 17m 16s· 2 players
Game mode
Random Map
Map size
Tiny (2 player)
Population
200
Speed
Normal
Resources
Standard
Victory
Conquest
Starting age
Dark Age
Ending age
Imperial Age
RankedLock teamsTeams togetherTeam positionsShared explorationLock speedFull tech treeHidden civsTurbo modeCheats
Victory
Defeat
🇮🇹 Khmer · Italy
1977
+15
🇹🇼 Varangians · Taiwan
1951
-15
[LuB]myqbox
6:18 Loom
9:14 Feudal Age
9:18 Man-at-Arms
10:28 Double-Bit Axe
13:09 Horse Collar
17:34 Wheelbarrow
ITA | MarknighT
5:29 Loom
6:13 Loom
8:19 Feudal Age
8:55 Double-Bit Axe
15:08 Forging
16:37 Scale Barding Armor
Connection lost

Rejoining the realm…

Still unreachable

The connection could not be restored.

Session expired

The server has moved on; the page needs a fresh start.